 Dungeon Crawl Stone Soup version 0.30.0-29-ga12c61a403 (webtiles) character file.

Game seed: 11950741882551737003

79 safid the Chiller (level 4, 0/33 HPs)
             Began as a Merfolk Ice Elementalist on June 5, 2023.
             Succumbed to a kobold brigand's poison
             ... in a sewer.
             The game lasted 00:05:57 (1839 turns).

safid the Chiller (Merfolk Ice Elementalist)        Turns: 1839, Time: 00:05:58

Health: 0/33       AC:  2    Str:  8    XL:     4   Next: 38%
Magic:  8/8        EV: 12    Int: 16    God:
Gold:   79         SH:  0    Dex: 14    Spells: 1/8 levels left

rFire   . . .        d - +0 sling
rCold   . . .        (no shield)
rNeg    . . .        a - +0 robe
rPois   .            (no helmet)
rElec   .            (no cloak)
rCorr   .            (no gloves)
SInv    .            (no boots)
Will    .....        (no amulet)
Stlth   +            (no ring)
HPRegen 0.25/turn    (no ring)
MPRegen 0.11/turn

%: no passive effects
@: mighty, brilliant, lethally poisoned (0 -> -18), silenced
A: (nimble swimmer 2), mertail
a: no special abilities


You were in a sewer.
You visited 1 branch of the dungeon, and saw 3 of its levels.
You also visited: Sewer.

You collected 79 gold pieces.

Inventory:

Hand Weapons
 d - a +0 sling (weapon)
Armour
 a - a +0 robe (worn)
Jewellery
 i - a ring of protection from cold
Wands
 k - a wand of polymorph (14)
Scrolls
 c - 3 scrolls of identify
 e - a scroll of teleportation
Potions
 b - a potion of magic
 h - 3 potions of brilliance


   Skills:
 + Level 2.2 Fighting
 - Level 2.6 Dodging
 - Level 2.1 Stealth
 + Level 2.9 Spellcasting
 + Level 5.1 Ice Magic


You had one spell level left.
You knew the following spells:

 Your Spells              Type           Power      Damage    Failure   Level
a - Freeze                Ice            100%       1d10      2%          1
b - Frozen Ramparts       Ice            56%        1d9       7%          3
c - Ozocubu's Armour      Ice            28%        N/A       7%          3

Your spell library contained the following spells:

 Spells                   Type           Power      Damage    Failure   Level
 Summon Ice Beast         Ice/Summ       15%        N/A       54%         4


Dungeon Overview and Level Annotations

Branches:
Dungeon (3/15)              Sewer (1/1)

Altars:

Shops:
D:1 !


Innate Abilities, Weirdness & Mutations

((You are very nimble when in or above water. (Stealth+, EV+, Speed+++)))
Your lower body shifts to a powerful aquatic tail in water.


Message History

Press: ? - help, Q - select action, (/) - cycle Shift-Dir - straight line, f/p - kobold brigand
Aim: a kobold brigand, wielding a +0 dagger and quivering poisoned darts (severely wounded, 47% to hit)
You shoot a sling bullet.
The sling bullet closely misses the kobold brigand.
You feel sick.
The kobold brigand throws a poisoned dart.
The poisoned dart hits you!
You are more poisoned.
Fire: d) +0 sling
Press: ? - help, Q - select action, (/) - cycle Shift-Dir - straight line, f/p - kobold brigand
Aim: a kobold brigand, wielding a +0 dagger and quivering poisoned darts (severely wounded, 47% to hit)
You shoot a sling bullet.
The sling bullet barely misses the kobold brigand.
* * * LOW HITPOINT WARNING * * *
You feel very sick.
The kobold brigand throws a poisoned dart.
The poisoned dart closely misses you.
The kobold brigand throws a poisoned dart.
The poisoned dart closely misses you.
The kobold brigand throws a poisoned dart.
The poisoned dart hits you!
You are lethally poisoned!
Okay, then.
As you read the scroll labelled IHEPHECREU, it crumbles to dust.
It is a scroll of identify.
e - a scroll of teleportation
* * * LOW HITPOINT WARNING * * *
You feel very sick.
The kobold brigand throws a poisoned dart.
The poisoned dart closely misses you.
Unknown command.
Okay, then.
As you read the scroll labelled ZEISTEOCHE, it crumbles to dust.
A profound silence engulfs you.
It was a scroll of silence.
* * * LOW HITPOINT WARNING * * *
You feel very sick.
The kobold brigand throws a poisoned dart.
The poisoned dart hits you.
You are more poisoned.
You die...

#≈≈≈# #≈≈≈# #~≈≈#
##~≈~## #.~≈~.#
###.~≈~.# #∩..~≈~.#
###.~≈≈~# #@~≈~.#
##.~≈K.##
#.~~≈h~~###########
#~~~≈K~~~~~~~~~~~~~
#..~≈~~.###########
#.~~≈~~~# #.~)≈~~~#
#~~≈≈≈~.# #~~≈≈≈~~#


You could see 2 kobold brigands and a jackal.

Vanquished Creatures
  An adder (D:3)
  A worm (D:3)
  A dart slug (D:3)
  7 bats
  7 endoplasms
  5 giant cockroaches
  3 goblins
  2 hobgoblins
  9 jackals
  A quokka (D:1)
  4 ball pythons
  3 frilled lizards (D:1)
  9 kobolds
  10 rats
63 creatures vanquished.

Notes
Turn   | Place    | Note
-------+----------+-------------------------------------------
     0 | D:1      | safid the Merfolk Ice Elementalist began the quest for the
                  | Orb.
     0 | D:1      | Reached XP level 1. HP: 13/13 MP: 3/3
    95 | D:1      | Found Inyis's Distillery.
   140 | D:1      | Reached XP level 2. HP: 8/20 MP: 0/5
   343 | D:1      | Reached skill level 1 in Fighting
   491 | D:1      | Reached XP level 3. HP: 26/26 MP: 6/6
  1565 | D:3      | Reached skill level 5 in Ice Magic
  1569 | D:3      | Learned a level 3 spell: Frozen Ramparts
  1573 | D:3      | Learned a level 3 spell: Ozocubu's Armour
  1603 | D:3      | Reached XP level 4. HP: 19/33 MP: 4/8
  1673 | D:3      | Found a glowing drain.
  1677 | Sewer    | Entered a sewer
  1795 | Sewer    | Noticed a kobold brigand
  1803 | Sewer    | Noticed a kobold brigand
  1838 | Sewer    | HP: 1/33 [poisoned by a kobold brigand]
  1839 | Sewer    | Succumbed to a kobold brigand's poison

Illustrated notes

Levels and vault maps discovered:
D:1:      dpeg_arrival_more_subterranean_lakeside_camping, layout_rooms,
          serial_glass, glass_columns_a, glass_columns_b,
          minmay_strange_pillars, minmay_strange_pillars, serial_shops, shop
D:2:      layout_loops_ring
D:3:      layout_basic, gup_sewer_entry_bowl,
          hellmonk_ecumenical_altar_arch_garden, serial_shops,
          nicolae_shop_rolled_up
Sewer:    sewer_kobolds

Skill      XL: |  1  2  3 |
---------------+----------+-----
Fighting       | 1 2 |  2.2
Ice Magic      | 5 |  5.1
Dodging        | |  2.6
Stealth        | |  2.1
Spellcasting   | |  2.9

Action                     |  1- 3 |  4- 6 || total
---------------------------+-------+-------++-------
   Fire: Sling             |   184 |    45 ||   229
   Cast: Freeze            |    11 |     9 ||    20
         Frozen Ramparts   |       |     1 ||     1
    Use: Potion            |       |     3 ||     3
         Scroll            |       |     2 ||     2
 Armour: Robe              |    24 |       ||    24
  Dodge: Dodged            |    86 |    18 ||   104
